 Dungeon Crawl Stone Soup version 0.27-a0-1036-g8e1b44f6bd (webtiles) character file.

Game seed: 14534813409721961553

173 g3ss the Shield-Bearer (level 5, -2/46 HPs)
             Began as a Hill Orc Fighter on Apr 18, 2021.
             Was an Elder of Elyvilon.
             Slain by a gnoll sergeant
             ... wielding a +3 spear of flaming
              (4 damage)
             ... on level 4 of the Dungeon.
             The game lasted 00:14:07 (3779 turns).

g3ss the Shield-Bearer (Hill Orc Fighter)           Turns: 3779, Time: 00:14:08

Health: -2/46      AC: 10    Str: 20    XL:     5   Next: 53%
Magic:  5/5        EV:  8    Int:  8    God:    Elyvilon [****..]
Gold:   121        SH:  9    Dex: 10    Spells: 3/4 levels left

rFire    . . .     SeeInvis .   a - +0 rapier
rCold    . . .     Faith    .   c - +0 kite shield
rNeg     . . .     Spirit   .   b - +1 scale mail
rPois    .         Reflect  .   r - +1 helmet
rElec    .         Harm     .   (no cloak)
rCorr    .         Rampage  .   (no gloves)
Will     .....                  (no boots)
Stlth    ..........             (no amulet)
HPRegen  0.15/turn              (no ring)
MPRegen  0.09/turn              (no ring)

@: mighty, lethally poisoned (-2 -> -11)
A: no striking features
a: Renounce Religion, Lesser Healing, Heal Other, Purification, Greater Healing,
Divine Protection


You were on level 4 of the Dungeon.
You worshipped Elyvilon.
Elyvilon was greatly pleased with you.
You visited 2 branches of the dungeon, and saw 5 of its levels.

You collected 121 gold pieces.

Inventory:

Hand Weapons
 a - a +0 rapier (weapon)
 e - a +0 dagger
 h - a +0 dagger
 j - a +0 quarterstaff
 n - a +0 dagger
 p - a +0 club
 q - a +0 dagger
 t - a +0 club
 u - a +0 dagger
 v - a +0 dagger
 w - a +0 dagger
 A - a +0 shortbow
 B - a +0 mace
 D - a +0 flail
 E - a +0 hand axe
 H - a +0 short sword
 J - a +0 whip of flaming
Missiles
 f - 64 stones (quivered)
 i - 46 poisoned darts
 x - 7 javelins
 F - 17 sling bullets
Armour
 b - a +1 scale mail (worn)
 c - a +0 kite shield (worn)
 g - a +0 leather armour
 k - a +0 helmet
 o - a +0 chain mail
 r - a +1 helmet (worn)
 s - a +0 animal skin
 C - a +0 helmet
Magical Staves
 G - a staff of death
Jewellery
 m - a +6 ring of intelligence
Scrolls
 y - 4 scrolls of identify
Potions
 d - a potion of might
 z - a potion of mutation {unknown}
 I - a potion of curing {unknown}


   Skills:
 * Level 3.9 Fighting
 * Level 3.3 Short Blades
 + Level 3.8 Armour
 + Level 1.0 Dodging
 + Level 5.1 Shields


You had 3 spell levels left.
You knew the following spells:

 Your Spells              Type           Power      Damage    Failure   Level
a - Magic Dart            Conj           0%         1d3       99%         1

Your spell library contained the following spells:

 Spells                   Type           Power      Damage    Failure   Level
 Beastly Appendage        Tmut           0%         N/A       99%         1
 Shock                    Conj/Air       0%         1d3       99%         1
 Blink                    Tloc           N/A        N/A       100%        2
 Call Imp                 Summ           0%         N/A       100%        2
 Slow                     Hex            0%         N/A       100%        2
 Static Discharge         Conj/Air       0%         N/A       100%        2
 Wereblood                Tmut           0%         N/A       100%        2
 Conjure Flame            Conj/Fire      0%         6-21      100%        3
 Mephitic Cloud           Conj/Pois/Air  0%         N/A       100%        3
 Spider Form              Tmut/Pois      0%         N/A       100%        3
 Swiftness                Air            0%         N/A       100%        3
 Airstrike                Air            0%         N/A       100%        4
 Ice Form                 Ice/Tmut       0%         N/A       100%        4
 Hydra Form               Tmut           0%         N/A       100%        5
 Lightning Bolt           Conj/Air       0%         1d11      100%        5


Dungeon Overview and Level Annotations

Branches:
Dungeon (4/15)             Temple (1/1) D:4

Altars:
Ashenzari
Cheibriados
Dithmenos
Elyvilon
Gozag
Kikubaaqudgha
Makhleb
Nemelex Xobeh
Qazlal
Ru
Trog
Vehumet
Xom
Zin

Annotations:
D:4 Eustachio


Message History

Eustachio is heavily wounded.
You feel sick.
Eustachio hits you with a +4 rapier of venom.
You are more poisoned.
The crimson imp barely misses you. You block the gnoll's attack.
You miss Eustachio.
Eustachio is heavily wounded.
You feel very sick.
The white imp disappears in a puff of smoke!
Eustachio hits you but does no damage.
You are lethally poisoned!
The crimson imp grinds its teeth.
The crimson imp barely misses you. The gnoll hits you but does no damage.
You barely miss Eustachio.
Eustachio is heavily wounded.
* * * LOW HITPOINT WARNING * * *
You feel extremely sick. You block Eustachio's attack.
The crimson imp hits you but does no damage.
The gnoll barely misses you. The gnoll sergeant barely misses you.
Eustachio casts a spell.
Eustachio blinks!
* * * LOW HITPOINT WARNING * * *
You feel very sick.
The crimson imp blinks!
The gnoll hits you but does no damage. The gnoll sergeant barely misses you.
* * * LOW HITPOINT WARNING * * *
You feel very sick. You block the gnoll's attack.
The gnoll sergeant hits you but does no damage.
You barely miss Eustachio.
Eustachio is moderately wounded.
* * * LOW HITPOINT WARNING * * *
You feel very sick.
The crimson imp disappears in a puff of smoke!
You block Eustachio's attack. The gnoll hits you but does no damage.
The gnoll sergeant hits you from afar with a +3 spear of flaming!
Elyvilon protects you from harm! The gnoll sergeant burns you.
You die...

.......÷.......#..##.#
#..#
...........##.##.###.#
..#####...#####..# #.#
..#####....###.#.# #.#
..##..........##.# #.#
..##.###...#.)..g# ..
#.... #.......gg#
####.# #......##.#
......#####@# #.##..#
#@# #. #..# #.# # #..#
#§# #.# #.# #.#
≈≈≈≈≈≈≈≈# ##≈≈≈##≈#


You could see Eustachio, a gnoll sergeant and 2 gnolls.

Vanquished Creatures
  A centaur skeleton (D:4)
  Robin (D:2)
  A gnoll (D:4)
  6 adders
  A worm (D:2)
  A dart slug (D:3)
  2 orcs (D:3)
  4 ball pythons
  3 bats
  6 endoplasms
  A giant cockroach (D:3)
  8 goblins (D:2)
  3 hobgoblins
  10 jackals
  3 quokkas
  A frilled lizard (D:2)
  4 kobolds
  3 rats
59 creatures vanquished.

Notes
Turn   | Place    | Note
-------+----------+-------------------------------------------
     0 | D:1      | g3ss the Hill Orc Fighter began the quest for the Orb.
     0 | D:1      | Reached XP level 1. HP: 19/19 MP: 1/1
    18 | D:1      | Found a faded altar of an unknown god.
    49 | D:1      | Became a worshipper of Elyvilon the Healer
    49 | D:1      | Reached * piety under Elyvilon
   512 | D:1      | Reached XP level 2. HP: 21/27 MP: 2/2
   879 | D:1      | Learned a level 1 spell: Magic Dart
   885 | D:1      | Reached ** piety under Elyvilon
  1285 | D:2      | Reached XP level 3. HP: 13/33 MP: 3/3
  1475 | D:2      | Learned a level 1 spell: Beastly Appendage
  1484 | D:2      | Found a glowing silver altar of Zin.
  1998 | D:2      | Noticed Robin
  2016 | D:2      | Killed Robin
  2017 | D:2      | Reached skill level 4 in Shields
  2029 | D:2      | Reached XP level 4. HP: 22/40 MP: 4/4
  2624 | D:2      | Reached *** piety under Elyvilon
  2819 | D:3      | Found a glowing silver altar of Zin.
  3205 | D:3      | Reached XP level 5. HP: 46/46 MP: 5/5
  3227 | D:3      | Reached skill level 1 in Dodging
  3394 | D:4      | Found a staircase to the Ecumenical Temple.
  3412 | D:4      | Reached skill level 5 in Shields
  3438 | Temple   | Entered the Ecumenical Temple
  3568 | D:4      | Found a broken altar of Ashenzari.
  3594 | D:4      | Reached **** piety under Elyvilon
  3751 | D:4      | Noticed Eustachio
  3779 | D:4      | HP: 2/46 [poisoned by Eustachio]
  3779 | D:4      | Elyvilon protects you from harm!
  3779 | D:4      | Slain by a gnoll sergeant

Illustrated notes

Levels and vault maps discovered:
D:1:      eino_arrival_tree_alley, layout_basic, ebering_ecumenical_altar_box,
          minmay_misc_feat_iff
D:2:      layout_basic, basic_altar, minivault_5, uniq_robin
D:3:      kennysheep_six_static_rooms, layout_rooms, lemuel_round_altar,
          uniq_sigmund
D:4:      layout_loops_ring, ashenzari_altar_1, minmay_temple_entry_wispy,
          lightli_minifort, uniq_eustachio, uniq_ijyb
Temple:   chequers_temple_sunken

Skill      XL: |  1  2  3  4  5 |
---------------+----------------+-----
Shields        | 4 5 |  5.1
Short Blades   | 3 |  3.3
Dodging        | 1 |  1.0
Fighting       | |  3.9
Armour         | |  3.8

Action                   |  1- 3 |  4- 6 || total
-------------------------+-------+-------++-------
Melee: Rapier            |   134 |   116 ||   250
  Use: Scroll            |     4 |     1 ||     5
       Potion            |     1 |     2 ||     3
Armor: Scale mail        |    84 |    73 ||   157
       Skin              |    27 |     8 ||    35
Dodge: Dodged            |    55 |    63 ||   118
Block: Kite shield       |   106 |    92 ||   198

Table legend: (Time is in decaauts)
 A = Elapsed time spent in this place.
 B = Non-inter-level travel time spent in this place.
 C = Inter-level travel time spent in this place.
 D = Time resting spent in this place.
 E = Time spent auto-exploring this place.
 F = Levels seen in this place.
 G = Mean time per level.
                   A        B        C        D        E       F      G
               +--------+--------+--------+--------+--------+-----+--------+
         Total |   3864 |   3851 |     13 |    174 |   2351 |   5 |  772.8 |
       Dungeon |   3786 |   3773 |     13 |    174 |   2351 |   4 |  946.5 |
        Temple |     77 |     77 |      0 |      0 |      0 |   1 |   77.0 |
               +--------+--------+--------+--------+--------+-----+--------+

Top non-repeatable levels by time:
     D:2: 1569 daAuts
     D:1: 1264 daAuts
     D:3: 609 daAuts
     D:4: 343 daAuts
  Temple: 77 daAuts
